Stars vs Predators

Created - Saturday, January 10, 2015 at 00:03

Goals
1 2 3 T
Stars 0 2 0 2
Predators 3 2 1 6
Shots
1 2 3 T
Stars 6 18 10 34
Predators 12 7 6 25

1st period

1. Predators , Tomas Plekanec 6 (Cody Eakin, Andy Greene) at 12:01
2. Predators , Corey Perry 24 (Valtteri Filppula, Patrick Maroon) at 15:40
3. Predators , Antoine Vermette 13 (Evander Kane, Roman Josi) at 17:31

Penalties :
Patrick Eaves (Dal) for Holding (Minor) at 3:31, John Moore (Dal) for High sticking (Minor) at 18:06

2nd period

4. Stars , John Moore 9 (Erik Haula, Daniel Cleary) at 13:49
5. Predators , Evander Kane 18 (Antoine Vermette) at 14:29
6. Predators , Tomas Plekanec 7 (Antoine Vermette, Roman Josi) at 15:59 (SH)
7. Stars , Daniel Cleary 10 (Michael Ryder, Ian Cole) at 16:33 (PP)

Penalties :
Patrick Maroon (Nsh) for Interference (Minor) at 6:33, Evander Kane (Nsh) for Roughing (Minor) at 15:35, Patrick Maroon (Nsh) for Cross-checking (Minor) at 17:33

3rd period

8. Predators , Brian Lashoff 1 (Antoine Vermette, Evander Kane) at 0:58

Penalties :
Brian Lashoff (Nsh) for Tripping (Minor) at 1:58, Zach Sill (Dal) for Tripping (Minor) at 11:20, Andy Greene (Nsh) for Hooking (Minor) at 19:20

Goalie Stats

Nikolai Khabibulin (Dal), 6 saves from 8 shots - (0.750), 25:31 minutes
Joacim Eriksson (Dal), 13 saves from 17 shots - (0.765), L, 4-13-0, 34:29 minutes
Kari Lehtonen (Nsh), 32 saves from 34 shots - (0.941), W, 26-9-3, 60:00 minutes

Players Stats for Stars

Player Name              G  A  P  +/- PIM S  H  SB GA TA FO     MP     PP MP  PK MP  
------------------------------------------------------------------------------------
Aaron Johnson            0  0  0  -3  0   1  0  1  0  0  0/0    15:26   0:00   0:19 
Brandon Kozun            0  0  0   0  0   0  0  0  0  0  0/0     8:23   0:00   0:00 
Brett Ritchie            0  0  0  -1  0   0  0  0  0  0  0/0    15:41   4:32   0:00 
Brian Boyle              0  0  0  -1  0   3  1  0  1  1  4/10   14:06   0:14   1:03 
Cory Conacher            0  0  0  -4  0   3  0  0  5  1  0/1    19:45   3:02   1:38 
Daniel Cleary            1  1  2   0  0   4  4  0  1  0  0/2    18:51   4:32   1:24 
Dmitry Orlov             0  0  0   0  0   2  0  0  0  2  0/0    12:38   0:00   0:00 
Eric Brewer              0  0  0  -2  0   1  4  2  1  2  0/0    27:29   4:37   4:40 
Erik Haula               0  1  1   0  0   2  0  1  1  1  3/11   11:16   0:00   0:00 
Ian Cole                 0  1  1  -1  0   3  0  1  0  2  0/0    19:55   4:37   1:17 
Jakub Kindl              0  0  0   0  0   2  0  0  1  0  0/0     6:30   2:57   0:00 
Joe Corvo                0  0  0  -3  0   1  0  1  4  0  0/0    22:17   2:57   2:57 
John Moore               1  0  1  -1  2   4  0  1  2  1  0/0    16:20   0:00   2:41 
Michael Ryder            0  1  1   0  0   5  0  0  1  0  1/8    20:45   4:18   0:00 
Miikka Salomaki          0  0  0   0  0   1  1  0  0  0  0/1    10:11   0:00   0:41 
Patrick Eaves            0  0  0  -4  2   0  0  0  0  0  1/1    20:49   3:02   3:08 
Rob Klinkhammer          0  0  0  -2  0   2  2  0  2  0  0/6    19:12   3:02   4:00 
Zach Sill                0  0  0  -3  2   0  3  3  1  0  3/6    14:26   0:00   0:00 

Players Stats for Predators

Player Name              G  A  P  +/- PIM S  H  SB GA TA FO     MP     PP MP  PK MP  
------------------------------------------------------------------------------------
Andy Greene              0  1  1   3  2   3  0  1  1  2  0/0    24:35   2:25   3:52 
Antoine Vermette         1  3  4   4  0   2  2  0  2  0  13/17  21:32   3:17   3:27 
Brian Lashoff            1  0  1   1  2   1  0  2  1  0  0/0    10:37   0:00   0:00 
Cody Eakin               0  1  1   1  0   0  2  0  0  0  0/0     9:39   0:00   2:29 
Corey Perry              1  0  1   0  0   2  1  0  4  1  1/1    20:27   3:17   0:00 
Damien Brunner           0  0  0   3  0   0  0  1  0  0  0/1    12:50   0:00   0:00 
Ed Jovanovski            0  0  0   0  0   0  0  0  0  3  0/0    14:45   0:00   0:00 
Eric Fehr                0  0  0   0  0   1  3  0  2  1  4/7    15:13   2:40   0:00 
Evander Kane             1  2  3   3  2   3  1  1  3  0  1/1    19:46   2:40   4:07 
Matt Halischuk           0  0  0   0  0   2  0  0  0  0  0/0    12:33   0:00   0:00 
Nick Schultz             0  0  0   3  0   0  0  2  0  1  0/0    20:45   2:25   3:52 
Patrice Bergeron         0  0  0   1  0   2  2  1  1  0  7/9    15:25   2:40   0:00 
Patrick Maroon           0  1  1   0  4   2  3  0  0  0  1/1    13:03   0:00   0:00 
Roman Josi               0  2  2   1  0   4  1  0  2  3  0/0    28:47   3:32   3:42 
Tomas Plekanec           2  0  2   2  0   2  0  1  1  0  7/9    14:42   0:00   5:05 
Trevor Daley             0  0  0   0  0   0  0  0  0  0  0/0     0:00   0:00   0:00 
Valtteri Filppula        0  1  1   0  0   1  2  0  2  0  0/0    17:03   3:17   0:00 
Victor Bartley           0  0  0   2  0   0  2  1  0  4  0/0    20:39   3:32   3:42 

3 Stars

1 - Antoine Vermette (Nsh)
2 - Tomas Plekanec (Nsh)
3 - Evander Kane (Nsh)

Power Play

Stars - 1 on 5 Attempt(s) - 20.00%
Predators - 0 on 3 Attempt(s) - 0.00%

Penalty Kill

Stars - 3 on 3 Attempt(s) - 100.00% - Score 0 goal in Penalty Kill
Predators - 4 on 5 Attempt(s) - 80.00% - Score 1 goal in Penalty Kill

Team Stat

Stars - Hits : 15 - Faceoff Wins : 12 - Blocked Shots : 10 - Penalty Minutes : 6
Predators - Hits : 19 - Faceoff Wins : 34 - Blocked Shots : 10 - Penalty Minutes : 10

Official

Referees : Unknown
Linesman : Unknown

Game Notes

Nikolai Khabibulin enters game at 14:29 of 2nd period

Finance

Level 1 -- Attendance: 4306 (71.77%) -- Ticket Income $378,928
Level 2 -- Attendance: 4417 (88.34%) -- Ticket Income $234,101
Level 3 -- Attendance: 1778 (88.90%) -- Ticket Income $55,118
Level 4 -- Attendance: 3239 (80.98%) -- Ticket Income $61,541
Luxury Box -- Attendance: 1000 (100.00%) -- Ticket Income $180,000
Game was played at the Gaylord Entertainment Center'
Total Attendance: 14740 (81.89%)
Total Ticket Income: $909,688
Other Income: $445,747
Total Income: $1,355,435

Stars

5 vs 5 Forward 
   Center                   Left Wing                Right Wing               Time % Phy DF OF 
 1 Erik Haula               Michael Ryder            Daniel Cleary            35     1   2  2  
 2 Zach Sill                Cory Conacher            Patrick Eaves            30     1   2  2  
 3 Brian Boyle              Rob Klinkhammer          Brett Ritchie            22     1   2  2  
 4 Michael Ryder            Miikka Salomaki          Brandon Kozun            13     1   2  2  

5 vs 5 Defense 
   Defense                  Defense                                           Time % Phy DF OF 
 1 Eric Brewer              John Moore                                        35     1   2  2  
 2 Aaron Johnson            Joe Corvo                                         30     1   2  2  
 3 Ian Cole                 Dmitry Orlov                                      22     1   2  2  
 4 Jakub Kindl              Eric Brewer                                       13     1   2  2  

PowerPlay Forward 
   Center                   Left Wing                Right Wing               Time % Phy DF OF 
 1 Michael Ryder            Brett Ritchie            Daniel Cleary            60     1   2  2  
 2 Rob Klinkhammer          Cory Conacher            Patrick Eaves            40     1   2  2  

PowerPlay Defense
   Defense                  Defense                                           Time % Phy DF OF 
 1 Eric Brewer              Ian Cole                                          60     1   2  2  
 2 Jakub Kindl              Joe Corvo                                         40     1   2  2  

Penalty Kill 4 Players Forward 
   Center                   Wing                     Time % Phy DF OF 
 1 Rob Klinkhammer          Patrick Eaves            60     1   2  2  
 2 Daniel Cleary            Cory Conacher            40     1   2  2  

Penalty Kill 4 Players Defense
   Defense                  Defense                  Time % Phy DF OF 
 1 Eric Brewer              John Moore               60     1   2  2  
 2 Ian Cole                 Joe Corvo                40     1   2  2  

Penalty Kill - 3 Players Forward 
   Forward                                           Time % Phy DF OF 
 1 Daniel Cleary                                     60     1   2  2  
 2 Cory Conacher                                     40     1   2  2  

Penalty Kill - 3 Players Defense
   Defense                  Defense                  Time % Phy DF OF 
 1 Eric Brewer              Jakub Kindl              60     1   2  2  
 2 Ian Cole                 Joe Corvo                40     1   2  2  

4 vs 4 Forward 
   Center                   Wing                     Time % Phy DF OF 
 1 Patrick Eaves            Rob Klinkhammer          60     1   2  2  
 2 Daniel Cleary            Cory Conacher            40     1   2  2  

4 vs 4 Defense
   Defense                  Defense                  Time % Phy DF OF 
 1 Eric Brewer              Ian Cole                 60     1   2  2  
 2 John Moore               Joe Corvo                40     1   2  2  

Last Minutes Offensive
   Center                   Left Wing                Right Wing               Defense                  Defense                  
   Erik Haula               Michael Ryder            Daniel Cleary            Eric Brewer              John Moore               

Last Minutes Defensive
   Center                   Left Wing                Right Wing               Defense                  Defense                  
   Erik Haula               Michael Ryder            Daniel Cleary            Eric Brewer              John Moore               

Goaltenders
Starting : Joacim Eriksson          
Backup : Nikolai Khabibulin       

Extra Forwards
Normal : Rob Klinkhammer, Brett Ritchie, Miikka Salomaki - PP : Rob Klinkhammer, Brett Ritchie - PK : Miikka Salomaki
Extra Defensemen
Normal : Ian Cole, Joe Corvo, Eric Brewer - PP : Ian Cole - PK : Joe Corvo, Eric Brewer
Penalty Shots
Rob Klinkhammer, Brett Ritchie, Daniel Cleary, Cory Conacher, Patrick Eaves

Predators

5 vs 5 Forward 
   Center                   Left Wing                Right Wing               Time % Phy DF OF 
 1 Patrice Bergeron         Valtteri Filppula        Corey Perry              31     0   2  3  
 2 Antoine Vermette         Evander Kane             Damien Brunner           31     2   1  2  
 3 Eric Fehr                Patrick Maroon           Matt Halischuk           19     0   4  1  
 4 Tomas Plekanec           Cody Eakin               Corey Perry              19     0   1  4  

5 vs 5 Defense 
   Defense                  Defense                                           Time % Phy DF OF 
 1 Roman Josi               Ed Jovanovski                                     37     1   3  1  
 2 Nick Schultz             Andy Greene                                       33     1   3  1  
 3 Victor Bartley           Brian Lashoff                                     15     1   4  0  
 4 Roman Josi               Andy Greene                                       15     1   3  1  

PowerPlay Forward 
   Center                   Left Wing                Right Wing               Time % Phy DF OF 
 1 Antoine Vermette         Valtteri Filppula        Corey Perry              60     0   1  4  
 2 Patrice Bergeron         Evander Kane             Eric Fehr                40     1   1  3  

PowerPlay Defense
   Defense                  Defense                                           Time % Phy DF OF 
 1 Victor Bartley           Roman Josi                                        65     1   1  3  
 2 Nick Schultz             Andy Greene                                       35     1   2  2  

Penalty Kill 4 Players Forward 
   Center                   Wing                     Time % Phy DF OF 
 1 Tomas Plekanec           Evander Kane             55     1   3  1  
 2 Antoine Vermette         Cody Eakin               45     1   3  1  

Penalty Kill 4 Players Defense
   Defense                  Defense                  Time % Phy DF OF 
 1 Roman Josi               Victor Bartley           55     1   3  1  
 2 Nick Schultz             Andy Greene              45     1   4  0  

Penalty Kill - 3 Players Forward 
   Forward                                           Time % Phy DF OF 
 1 Tomas Plekanec                                    50     1   4  0  
 2 Antoine Vermette                                  50     1   4  0  

Penalty Kill - 3 Players Defense
   Defense                  Defense                  Time % Phy DF OF 
 1 Roman Josi               Brian Lashoff            55     2   3  0  
 2 Nick Schultz             Andy Greene              45     2   3  0  

4 vs 4 Forward 
   Center                   Wing                     Time % Phy DF OF 
 1 Patrice Bergeron         Corey Perry              50     1   2  2  
 2 Valtteri Filppula        Evander Kane             50     1   2  2  

4 vs 4 Defense
   Defense                  Defense                  Time % Phy DF OF 
 1 Roman Josi               Ed Jovanovski            55     1   2  2  
 2 Nick Schultz             Andy Greene              45     1   2  2  

Last Minutes Offensive
   Center                   Left Wing                Right Wing               Defense                  Defense                  
   Patrice Bergeron         Valtteri Filppula        Corey Perry              Andy Greene              Roman Josi               

Last Minutes Defensive
   Center                   Left Wing                Right Wing               Defense                  Defense                  
   Antoine Vermette         Evander Kane             Corey Perry              Andy Greene              Roman Josi               

Goaltenders
Starting : Kari Lehtonen            
Backup : Anders Lindback          

Extra Forwards
Normal : Patrice Bergeron, Corey Perry, Tomas Plekanec - PP : Tomas Plekanec, Cody Eakin - PK : Antoine Vermette
Extra Defensemen
Normal : Roman Josi, Andy Greene, Nick Schultz - PP : Victor Bartley - PK : Roman Josi, Victor Bartley
Penalty Shots
Patrice Bergeron, Eric Fehr, Corey Perry, Valtteri Filppula, Antoine Vermette

% Time on Ice - Stars

Lines # - Real PCT - Wanted PCT - Time Play
Normal Forward
1 - 27% - 35% - 12:24
2 - 32% - 30% - 15:05
3 - 23% - 22% - 10:37
4 - 18% - 13% - 8:23
Normal Defense
1 - 32% - 35% - 14:39
2 - 34% - 30% - 15:39
3 - 27% - 22% - 12:38
4 - 8% - 13% - 3:33
PP Forward
1 - 60% - 60% - 4:32
2 - 40% - 40% - 3:02
PP Defense
1 - 61% - 60% - 4:37
2 - 39% - 40% - 2:57
PK Forward
1 - 76% - 60% - 4:33
2 - 24% - 40% - 1:24
PK Defense
1 - 78% - 60% - 4:40
2 - 22% - 40% - 1:17
PK3 Forward
1 - 0% - 60%
2 - 0% - 40%
PK3 Defense
1 - 0% - 60%
2 - 0% - 40%
44 Forward
1 - 0% - 60%
2 - 0% - 40%
44 Defense
1 - 0% - 60%
2 - 0% - 40%
Last Minute Offensive  - 0:00
Last Minute Defensive  - 0:00
Total
Forward - 60:00
Defense - 60:00

% Time on Ice - Predators

Lines # - Real PCT - Wanted PCT - Time Play
Normal Forward
1 - 30% - 31% - 13:56
2 - 29% - 31% - 13:22
3 - 27% - 19% - 12:33
4 - 14% - 19% - 6:38
Normal Defense
1 - 38% - 37% - 17:42
2 - 31% - 33% - 14:28
3 - 23% - 15% - 10:28
4 - 8% - 15% - 3:51
PP Forward
1 - 55% - 60% - 3:17
2 - 45% - 40% - 2:40
PP Defense
1 - 59% - 65% - 3:32
2 - 41% - 35% - 2:25
PK Forward
1 - 67% - 55% - 5:05
2 - 33% - 45% - 2:29
PK Defense
1 - 49% - 55% - 3:42
2 - 51% - 45% - 3:52
PK3 Forward
1 - 0% - 50%
2 - 0% - 50%
PK3 Defense
1 - 0% - 55%
2 - 0% - 45%
44 Forward
1 - 0% - 50%
2 - 0% - 50%
44 Defense
1 - 0% - 55%
2 - 0% - 45%
Last Minute Offensive  - 0:00
Last Minute Defensive  - 0:00
Total
Forward - 60:00
Defense - 60:00

Play by Play

1st period


0:01 of 1st period - Patrice Bergeron wins face-off versus Erik Haula in neutral zone.
1:32 of 1st period - Eric Fehr is hit by Eric Brewer and loses puck.
1:42 of 1st period - Wrist shot by Nick Schultz.
1:42 of 1st period - Shot Blocked by John Moore.
1:44 of 1st period - Snap shot by Patrick Maroon.
1:44 of 1st period - Deflect By Eric Fehr.
1:44 of 1st period - Shot Misses the Net.
1:44 of 1st period - Puck is out of play.
1:45 of 1st period - Brian Boyle wins face-off versus Eric Fehr in Stars zone.
2:29 of 1st period - Joe Corvo is hit by Cody Eakin and loses puck.
3:31 of 1st period - Minor Penalty to Patrick Eaves for Holding.
3:32 of 1st period - Patrice Bergeron wins face-off versus Rob Klinkhammer in Stars zone.
4:27 of 1st period - Slapshot by Joe Corvo.
4:27 of 1st period - Shot Misses the Net.
5:31 of 1st period - Penalty to Patrick Eaves is over, Patrick Eaves is back on ice.
5:45 of 1st period - Brandon Kozun is hit by Eric Fehr and loses puck.
5:59 of 1st period - Slapshot by Jakub Kindl.
5:59 of 1st period - Stopped by Kari Lehtonen with a rebound.
6:27 of 1st period - Wrist shot by Rob Klinkhammer.
6:27 of 1st period - Stopped by Kari Lehtonen without a rebound.
6:28 of 1st period - Brian Boyle wins face-off versus Antoine Vermette in Predators zone.
6:29 of 1st period - Snap shot by Rob Klinkhammer.
6:29 of 1st period - Shot Misses the Net.
7:13 of 1st period - Wrist shot by Corey Perry.
7:13 of 1st period - Shot Misses the Net.
7:28 of 1st period - Rob Klinkhammer is hit by Patrick Maroon and loses puck.
7:35 of 1st period - Aaron Johnson is hit by Eric Fehr.
8:27 of 1st period - Roman Josi is hit by Eric Brewer and loses puck.
8:58 of 1st period - Snap shot by Michael Ryder.
8:58 of 1st period - Shot Misses the Net.
9:00 of 1st period - Snap shot by Eric Brewer.
9:00 of 1st period - Shot Blocked by Brian Lashoff.
9:02 of 1st period - Slapshot by John Moore.
9:02 of 1st period - Stopped by Kari Lehtonen without a rebound.
9:03 of 1st period - Patrice Bergeron wins face-off versus Erik Haula in Predators zone.
9:03 of 1st period - Patrice Bergeron is hit by Eric Brewer.
9:42 of 1st period - Zach Sill is hit by Patrick Maroon and loses puck.
9:57 of 1st period - Brian Lashoff is hit by Zach Sill and loses puck.
10:53 of 1st period - Slapshot by Joe Corvo.
10:53 of 1st period - Stopped by Kari Lehtonen with a rebound.
12:01 of 1st period - Snap shot by Tomas Plekanec.
12:01 of 1st period - Goal by Tomas Plekanec - Stars : 0 - Predators : 1.
12:02 of 1st period - Antoine Vermette wins face-off versus Brian Boyle in neutral zone.
12:50 of 1st period - Eric Brewer is hit by Eric Fehr and loses puck.
13:23 of 1st period - Daniel Cleary is hit by Victor Bartley and loses puck.
14:02 of 1st period - Snap shot by Antoine Vermette.
14:02 of 1st period - Stopped by Joacim Eriksson without a rebound.
14:03 of 1st period - Antoine Vermette wins face-off versus Brian Boyle in Stars zone.
14:52 of 1st period - Icing by Cory Conacher.
14:53 of 1st period - Patrick Maroon wins face-off versus Zach Sill in Stars zone.
14:56 of 1st period - Wrist shot by Matt Halischuk.
14:56 of 1st period - Stopped by Joacim Eriksson with a rebound.
15:40 of 1st period - Slapshot by Corey Perry.
15:40 of 1st period - Goal by Corey Perry - Stars : 0 - Predators : 2.
15:41 of 1st period - Patrice Bergeron wins face-off versus Michael Ryder in neutral zone.
15:54 of 1st period - Snap shot by Corey Perry.
15:54 of 1st period - Shot Blocked by Eric Brewer.
15:57 of 1st period - Icing by Eric Brewer.
15:58 of 1st period - Patrice Bergeron wins face-off versus Erik Haula in Stars zone.
16:33 of 1st period - Slapshot by Jakub Kindl.
16:33 of 1st period - Stopped by Kari Lehtonen with a rebound.
16:35 of 1st period - Wrist shot by Brian Boyle.
16:35 of 1st period - Stopped by Kari Lehtonen with a rebound.
16:37 of 1st period - Slapshot by Eric Brewer.
16:37 of 1st period - Shot Misses the Net.
17:29 of 1st period - Snap shot by Evander Kane.
17:29 of 1st period - Stopped by Joacim Eriksson with a rebound.
17:31 of 1st period - Wrist shot by Antoine Vermette.
17:31 of 1st period - Goal by Antoine Vermette - Stars : 0 - Predators : 3.
17:32 of 1st period - Eric Fehr wins face-off versus Erik Haula in neutral zone.
17:35 of 1st period - Wrist shot by Roman Josi.
17:35 of 1st period - Stopped by Joacim Eriksson without a rebound.
17:36 of 1st period - Erik Haula wins face-off versus Eric Fehr in Stars zone.
17:53 of 1st period - Slapshot by Roman Josi.
17:53 of 1st period - Stopped by Joacim Eriksson without a rebound.
17:54 of 1st period - Antoine Vermette wins face-off versus Brian Boyle in Stars zone.
17:59 of 1st period - Snap shot by Evander Kane.
17:59 of 1st period - Stopped by Joacim Eriksson with a rebound.
18:01 of 1st period - Snap shot by Evander Kane.
18:01 of 1st period - Shot Blocked by Aaron Johnson.
18:03 of 1st period - Slapshot by Roman Josi.
18:03 of 1st period - Stopped by Joacim Eriksson without a rebound.
18:04 of 1st period - Zach Sill wins face-off versus Patrice Bergeron in Stars zone.
18:06 of 1st period - Minor Penalty to John Moore for High sticking.
18:07 of 1st period - Antoine Vermette wins face-off versus Rob Klinkhammer in Stars zone.
18:41 of 1st period - Rob Klinkhammer is hit by Valtteri Filppula and loses puck.
19:36 of 1st period - Snap shot by Valtteri Filppula.
19:36 of 1st period - Stopped by Joacim Eriksson with a rebound.
19:38 of 1st period - Slapshot by Nick Schultz.
19:38 of 1st period - Shot Misses the Net.
19:40 of 1st period - Slapshot by Andy Greene.
19:40 of 1st period - Stopped by Joacim Eriksson without a rebound.
19:41 of 1st period - Antoine Vermette wins face-off versus Miikka Salomaki in Stars zone.
19:48 of 1st period - Victor Bartley is hit by Miikka Salomaki and loses puck.
Goals for this period are 0 for Stars vs 3 for Predators.
Shots for this period are 6 for Stars vs 12 for Predators.

2nd period


0:01 of 2nd period - Antoine Vermette wins face-off versus Rob Klinkhammer in neutral zone.
0:06 of 2nd period - Penalty to John Moore is over, John Moore is back on ice.
1:00 of 2nd period - Wrist shot by Michael Ryder.
1:00 of 2nd period - Stopped by Kari Lehtonen with a rebound.
1:18 of 2nd period - Slapshot by Dmitry Orlov.
1:18 of 2nd period - Deflect By Matt Halischuk.
1:18 of 2nd period - Stopped by Kari Lehtonen with a rebound.
1:46 of 2nd period - Patrick Maroon is hit by Zach Sill and loses puck.
1:51 of 2nd period - Snap shot by Cory Conacher.
1:51 of 2nd period - Stopped by Kari Lehtonen without a rebound.
1:52 of 2nd period - Tomas Plekanec wins face-off versus Brian Boyle in Predators zone.
2:55 of 2nd period - Snap shot by Matt Halischuk.
2:55 of 2nd period - Shot Misses the Net.
2:57 of 2nd period - Slapshot by Nick Schultz.
2:57 of 2nd period - Shot Misses the Net.
2:59 of 2nd period - Snap shot by Matt Halischuk.
2:59 of 2nd period - Stopped by Joacim Eriksson without a rebound.
3:00 of 2nd period - Eric Fehr wins face-off versus Cory Conacher in Stars zone.
3:13 of 2nd period - Backhand shot by Patrick Maroon.
3:13 of 2nd period - Shot Blocked by Zach Sill.
3:15 of 2nd period - Slapshot by Andy Greene.
3:15 of 2nd period - Shot Blocked by Ian Cole.
3:17 of 2nd period - Slapshot by Andy Greene.
3:17 of 2nd period - Stopped by Joacim Eriksson with a rebound.
3:39 of 2nd period - Wrist shot by Tomas Plekanec.
3:39 of 2nd period - Shot Misses the Net.
4:05 of 2nd period - Slapshot by John Moore.
4:05 of 2nd period - Shot Misses the Net.
4:07 of 2nd period - Wrist shot by Erik Haula.
4:07 of 2nd period - Shot Misses the Net.
4:09 of 2nd period - Slapshot by John Moore.
4:09 of 2nd period - Shot Blocked by Evander Kane.
4:11 of 2nd period - Wrist shot by Daniel Cleary.
4:11 of 2nd period - Stopped by Kari Lehtonen with a rebound.
4:13 of 2nd period - Wrist shot by Erik Haula.
4:13 of 2nd period - Stopped by Kari Lehtonen with a rebound.
4:19 of 2nd period - Slapshot by Daniel Cleary.
4:19 of 2nd period - Stopped by Kari Lehtonen with a rebound.
4:21 of 2nd period - Slapshot by John Moore.
4:21 of 2nd period - Stopped by Kari Lehtonen with a rebound.
4:23 of 2nd period - Wrist shot by Daniel Cleary.
4:23 of 2nd period - Shot Blocked by Brian Lashoff.
4:42 of 2nd period - Wrist shot by Rob Klinkhammer.
4:42 of 2nd period - Stopped by Kari Lehtonen without a rebound.
4:43 of 2nd period - Brian Boyle wins face-off versus Eric Fehr in Predators zone.
5:54 of 2nd period - Zach Sill is hit by Corey Perry and loses puck.
6:33 of 2nd period - Minor Penalty to Patrick Maroon for Interference.
6:34 of 2nd period - Tomas Plekanec wins face-off versus Daniel Cleary in Predators zone.
6:34 of 2nd period - Tomas Plekanec is hit by Daniel Cleary.
7:03 of 2nd period - Tomas Plekanec is hit by Daniel Cleary and loses puck.
7:14 of 2nd period - Tomas Plekanec is hit by Eric Brewer and loses puck.
7:21 of 2nd period - Snap shot by Cory Conacher.
7:21 of 2nd period - Stopped by Kari Lehtonen with a rebound.
7:23 of 2nd period - Slapshot by Cory Conacher.
7:23 of 2nd period - Stopped by Kari Lehtonen without a rebound.
7:24 of 2nd period - Patrick Eaves wins face-off versus Tomas Plekanec in Predators zone.
8:08 of 2nd period - Slapshot by Tomas Plekanec.
8:08 of 2nd period - Shot Misses the Net.
8:10 of 2nd period - Slapshot by Roman Josi.
8:10 of 2nd period - Deflect By Michael Ryder.
8:10 of 2nd period - Stopped by Joacim Eriksson with a rebound.
8:33 of 2nd period - Penalty to Patrick Maroon is over, Patrick Maroon is back on ice.
8:44 of 2nd period - Brian Boyle is hit by Patrick Maroon and loses puck.
9:32 of 2nd period - Dmitry Orlov is hit by Patrice Bergeron and loses puck.
10:56 of 2nd period - Slapshot by Rob Klinkhammer.
10:56 of 2nd period - Shot Blocked by Andy Greene.
11:16 of 2nd period - Slapshot by Miikka Salomaki.
11:16 of 2nd period - Shot Misses the Net.
11:18 of 2nd period - Backhand shot by Brian Boyle.
11:18 of 2nd period - Stopped by Kari Lehtonen with a rebound.
11:20 of 2nd period - Slapshot by Brian Boyle.
11:20 of 2nd period - Shot Blocked by Patrice Bergeron.
11:22 of 2nd period - Snap shot by Miikka Salomaki.
11:22 of 2nd period - Deflect By Brian Boyle.
11:22 of 2nd period - Shot Blocked by Nick Schultz.
11:22 of 2nd period - Puck is out of play.
11:23 of 2nd period - Eric Fehr wins face-off versus Brian Boyle in Predators zone.
12:02 of 2nd period - Snap shot by Michael Ryder.
12:02 of 2nd period - Shot Misses the Net.
12:04 of 2nd period - Wrist shot by Ian Cole.
12:04 of 2nd period - Stopped by Kari Lehtonen with a rebound.
12:06 of 2nd period - Snap shot by Dmitry Orlov.
12:06 of 2nd period - Stopped by Kari Lehtonen without a rebound.
12:07 of 2nd period - Erik Haula wins face-off versus Antoine Vermette in Predators zone.
12:10 of 2nd period - Wrist shot by Michael Ryder.
12:10 of 2nd period - Stopped by Kari Lehtonen without a rebound.
12:11 of 2nd period - Antoine Vermette wins face-off versus Erik Haula in Predators zone.
13:01 of 2nd period - Snap shot by Patrick Maroon.
13:01 of 2nd period - Stopped by Joacim Eriksson with a rebound.
13:03 of 2nd period - Wrist shot by Matt Halischuk.
13:03 of 2nd period - Shot Misses the Net.
13:05 of 2nd period - Slapshot by Ed Jovanovski.
13:05 of 2nd period - Shot Misses the Net.
13:07 of 2nd period - Slapshot by Roman Josi.
13:07 of 2nd period - Deflect By Eric Fehr.
13:07 of 2nd period - Shot Misses the Net.
13:07 of 2nd period - Puck is out of play.
13:08 of 2nd period - Patrice Bergeron wins face-off versus Rob Klinkhammer in Stars zone.
13:13 of 2nd period - Slapshot by Corey Perry.
13:13 of 2nd period - Shot Misses the Net.
13:27 of 2nd period - Snap shot by John Moore.
13:27 of 2nd period - Shot Misses the Net.
13:45 of 2nd period - Wrist shot by Daniel Cleary.
13:45 of 2nd period - Shot Misses the Net.
13:47 of 2nd period - Wrist shot by Erik Haula.
13:47 of 2nd period - Stopped by Kari Lehtonen with a rebound.
13:49 of 2nd period - Slapshot by John Moore.
13:49 of 2nd period - Deflect By Corey Perry.
13:49 of 2nd period - Goal by John Moore - Stars : 1 - Predators : 3.
13:50 of 2nd period - Zach Sill wins face-off versus Antoine Vermette in neutral zone.
14:03 of 2nd period - Cory Conacher is hit by Evander Kane and loses puck.
14:17 of 2nd period - Icing by Nick Schultz.
14:18 of 2nd period - Antoine Vermette wins face-off versus Erik Haula in Predators zone.
14:29 of 2nd period - Snap shot by Evander Kane.
14:29 of 2nd period - Goal by Evander Kane - Stars : 1 - Predators : 4.
14:29 of 2nd period - Nikolai Khabibulin enters game.
14:30 of 2nd period - Corey Perry wins face-off versus Zach Sill in neutral zone.
14:55 of 2nd period - Snap shot by Corey Perry.
14:55 of 2nd period - Stopped by Nikolai Khabibulin without a rebound.
14:56 of 2nd period - Antoine Vermette wins face-off versus Erik Haula in Stars zone.
15:35 of 2nd period - Minor Penalty to Evander Kane for Roughing.
15:36 of 2nd period - Tomas Plekanec wins face-off versus Rob Klinkhammer in Predators zone.
15:59 of 2nd period - Wrist shot by Tomas Plekanec.
15:59 of 2nd period - Goal by Tomas Plekanec - Stars : 1 - Predators : 5.
16:00 of 2nd period - Tomas Plekanec wins face-off versus Michael Ryder in neutral zone.
16:17 of 2nd period - Snap shot by Michael Ryder.
16:17 of 2nd period - Deflect By Daniel Cleary.
16:17 of 2nd period - Stopped by Kari Lehtonen with a rebound.
16:19 of 2nd period - Slapshot by Ian Cole.
16:19 of 2nd period - Shot Blocked by Victor Bartley.
16:33 of 2nd period - Wrist shot by Daniel Cleary.
16:33 of 2nd period - Goal by Daniel Cleary - Stars : 2 - Predators : 5.
16:34 of 2nd period - Zach Sill wins face-off versus Patrice Bergeron in neutral zone.
17:08 of 2nd period - Snap shot by Corey Perry.
17:08 of 2nd period - Shot Blocked by Zach Sill.
17:26 of 2nd period - Roman Josi is hit by Zach Sill and loses puck.
17:33 of 2nd period - Minor Penalty to Patrick Maroon for Cross-checking.
17:34 of 2nd period - Tomas Plekanec wins face-off versus Michael Ryder in Predators zone.
18:11 of 2nd period - Jakub Kindl is hit by Antoine Vermette and loses puck.
19:33 of 2nd period - Penalty to Patrick Maroon is over, Patrick Maroon is back on ice.
19:44 of 2nd period - Cory Conacher is hit by Patrice Bergeron and loses puck.
Goals for this period are 2 for Stars vs 2 for Predators.
Shots for this period are 18 for Stars vs 7 for Predators.

3rd period


0:01 of 3rd period - Erik Haula wins face-off versus Tomas Plekanec in neutral zone.
0:11 of 3rd period - Snap shot by Cody Eakin.
0:11 of 3rd period - Shot Blocked by Eric Brewer.
0:56 of 3rd period - Snap shot by Antoine Vermette.
0:56 of 3rd period - Shot Blocked by Zach Sill.
0:58 of 3rd period - Slapshot by Brian Lashoff.
0:58 of 3rd period - Goal by Brian Lashoff - Stars : 2 - Predators : 6.
0:59 of 3rd period - Antoine Vermette wins face-off versus Zach Sill in neutral zone.
1:54 of 3rd period - Corey Perry is hit by Rob Klinkhammer and loses puck.
1:58 of 3rd period - Minor Penalty to Brian Lashoff for Tripping.
1:59 of 3rd period - Tomas Plekanec wins face-off versus Michael Ryder in Predators zone.
2:58 of 3rd period - Slapshot by Joe Corvo.
2:58 of 3rd period - Shot Blocked by Nick Schultz.
3:58 of 3rd period - Penalty to Brian Lashoff is over, Brian Lashoff is back on ice.
5:04 of 3rd period - Patrick Maroon is hit by Brian Boyle and loses puck.
6:23 of 3rd period - Wrist shot by Michael Ryder.
6:23 of 3rd period - Shot Blocked by Damien Brunner.
6:43 of 3rd period - Snap shot by Corey Perry.
6:43 of 3rd period - Shot Misses the Net.
6:45 of 3rd period - Backhand shot by Patrice Bergeron.
6:45 of 3rd period - Stopped by Nikolai Khabibulin with a rebound.
7:11 of 3rd period - Wrist shot by Patrick Maroon.
7:11 of 3rd period - Stopped by Nikolai Khabibulin with a rebound.
7:52 of 3rd period - Slapshot by Aaron Johnson.
7:52 of 3rd period - Deflect By Ed Jovanovski.
7:52 of 3rd period - Stopped by Kari Lehtonen without a rebound.
7:53 of 3rd period - Antoine Vermette wins face-off versus Michael Ryder in Predators zone.
8:08 of 3rd period - Snap shot by Patrick Maroon.
8:08 of 3rd period - Shot Misses the Net.
8:10 of 3rd period - Snap shot by Andy Greene.
8:10 of 3rd period - Shot Misses the Net.
8:12 of 3rd period - Slapshot by Andy Greene.
8:12 of 3rd period - Shot Blocked by Joe Corvo.
8:14 of 3rd period - Slapshot by Andy Greene.
8:14 of 3rd period - Stopped by Nikolai Khabibulin with a rebound.
8:16 of 3rd period - Wrist shot by Andy Greene.
8:16 of 3rd period - Shot Misses the Net.
8:58 of 3rd period - Nick Schultz is hit by Daniel Cleary and loses puck.
9:12 of 3rd period - Roman Josi is hit by Daniel Cleary and loses puck.
9:57 of 3rd period - Wrist shot by Patrick Maroon.
9:57 of 3rd period - Deflect By Eric Fehr.
9:57 of 3rd period - Shot Blocked by Erik Haula.
9:57 of 3rd period - Puck is out of play.
9:58 of 3rd period - Eric Fehr wins face-off versus Erik Haula in Stars zone.
10:09 of 3rd period - Slapshot by Eric Fehr.
10:09 of 3rd period - Stopped by Nikolai Khabibulin with a rebound.
10:11 of 3rd period - Slapshot by Roman Josi.
10:11 of 3rd period - Shot Misses the Net.
10:13 of 3rd period - Backhand shot by Ed Jovanovski.
10:13 of 3rd period - Shot Misses the Net.
10:23 of 3rd period - Erik Haula is hit by Valtteri Filppula and loses puck.
10:48 of 3rd period - Slapshot by Patrice Bergeron.
10:48 of 3rd period - Stopped by Nikolai Khabibulin with a rebound.
11:06 of 3rd period - Slapshot by John Moore.
11:06 of 3rd period - Stopped by Kari Lehtonen with a rebound.
11:20 of 3rd period - Minor Penalty to Zach Sill for Tripping.
11:21 of 3rd period - Evander Kane wins face-off versus Rob Klinkhammer in Stars zone.
11:56 of 3rd period - Ian Cole is hit by Victor Bartley and loses puck.
12:16 of 3rd period - Off-side.
12:17 of 3rd period - Patrice Bergeron wins face-off versus Brian Boyle in neutral zone.
12:31 of 3rd period - Patrice Bergeron is hit by Rob Klinkhammer and loses puck.
13:16 of 3rd period - Icing by Andy Greene.
13:17 of 3rd period - Antoine Vermette wins face-off versus Daniel Cleary in Predators zone.
13:20 of 3rd period - Penalty to Zach Sill is over, Zach Sill is back on ice.
14:41 of 3rd period - Dmitry Orlov is hit by Cody Eakin and loses puck.
14:58 of 3rd period - Slapshot by Miikka Salomaki.
14:58 of 3rd period - Deflect By Michael Ryder.
14:58 of 3rd period - Stopped by Kari Lehtonen without a rebound.
14:59 of 3rd period - Brian Boyle wins face-off versus Antoine Vermette in Predators zone.
15:02 of 3rd period - Snap shot by Brian Boyle.
15:02 of 3rd period - Stopped by Kari Lehtonen with a rebound.
15:19 of 3rd period - Brett Ritchie is hit by Roman Josi and loses puck.
16:09 of 3rd period - Slapshot by Michael Ryder.
16:09 of 3rd period - Stopped by Kari Lehtonen with a rebound.
16:11 of 3rd period - Slapshot by Ian Cole.
16:11 of 3rd period - Stopped by Kari Lehtonen with a rebound.
16:42 of 3rd period - Wrist shot by Michael Ryder.
16:42 of 3rd period - Stopped by Kari Lehtonen with a rebound.
17:21 of 3rd period - Slapshot by Michael Ryder.
17:21 of 3rd period - Shot Blocked by Tomas Plekanec.
17:23 of 3rd period - Slapshot by Eric Brewer.
17:23 of 3rd period - Deflect By Tomas Plekanec.
17:23 of 3rd period - Stopped by Kari Lehtonen without a rebound.
17:24 of 3rd period - Michael Ryder wins face-off versus Damien Brunner in Predators zone.
17:25 of 3rd period - Snap shot by Miikka Salomaki.
17:25 of 3rd period - Stopped by Kari Lehtonen with a rebound.
17:27 of 3rd period - Slapshot by Ian Cole.
17:27 of 3rd period - Deflect By Nick Schultz.
17:27 of 3rd period - Stopped by Kari Lehtonen without a rebound.
17:28 of 3rd period - Antoine Vermette wins face-off versus Michael Ryder in Predators zone.
19:20 of 3rd period - Minor Penalty to Andy Greene for Hooking.
19:21 of 3rd period - Tomas Plekanec wins face-off versus Michael Ryder in Predators zone.
19:56 of 3rd period - Eric Brewer is hit by Antoine Vermette and loses puck.
Goals for this period are 0 for Stars vs 1 for Predators.
Shots for this period are 10 for Stars vs 6 for Predators.


Output by the SimonT Hockey Simulator (STHS) for Eric Dolegowski -- Original Page W3C XHTML 1.0 Valid
Hockey Simulator - Hockey Simulation - Hockey Manager